 Dungeon Crawl Stone Soup version 0.28-a0-793-g31680bbd8b (webtiles) character file.

Game seed: 5934833599887926932

5112 frimble the Nimble (level 10, 0/70 (90) HPs)
             Began as a Troll Warper on Nov 5, 2021.
             Was a Believer of Cheibriados.
             Killed from afar by an eidolon (32 damage)
             ... with a bolt of negative energy
             ... on level 2 of the Abyss.
             The game lasted 00:07:08 (5750 turns).

frimble the Nimble (Troll Warper)                   Turns: 5750, Time: 00:07:09

HP:   0/70 (90)     AC: 30    Str: 27      XL:     10   Next: 32%
MP:   18/18         EV:  6    Int: 23 (24) God:    Cheibriados [**....]
Gold: 410           SH:  0    Dex: 18 (19) Spells: 9/11 levels left

rFire   + . .      SeeInvis .     - Unarmed
rCold   + . .      Faith    .   (no shield)
rNeg    . . .      Spirit   .   g - +12 gold dragon scales of Vilohuamn {Fly rPois rF+ rC+ Dex+4}
rPois   +          Reflect  .   (helmet restricted)
rElec   .          Harm     .   i - +0 cloak
rCorr   .          Rampage  .   (gloves unavailable)
Will    .....                   (boots unavailable)
Stlth   ..........              H - amulet of magic regeneration
HPRegen 1.21/turn               z - ring of magical power
MPRegen 0.41/turn               D - +6 ring of intelligence

@: flying, slowed, studying Dodging, heavily drained, very slow
A: large, unfitting armour, claws 3, regeneration 1, shaggy fur 1, tough skin 1,
[frail 1], [low mp 1]
a: Renounce Religion, Bend Time


You were on level 2 of the Abyss.
You worshipped Cheibriados.
Cheibriados was pleased with you.
You visited 2 branches of the dungeon, and saw 9 of its levels.
You visited the Abyss 1 time.
You also visited: Sewer.

You collected 410 gold pieces.

Inventory:

Missiles
 c - 5 boomerangs of dispersal (quivered)
Armour
 g - the +12 gold dragon scales of Vilohuamn (worn) {Fly rPois rF+ rC+ Dex+4}
   (You acquired it on level 3 of the Dungeon)

   Dex:       It affects your dexterity (+4).
   rF:        It protects you from fire.
   rC:        It protects you from cold.
   rPois:     It protects you from poison.
   Fly:       It grants you flight.
 i - a +0 cloak (worn)
Jewellery
 z - a ring of magical power (left claw)
 D - a +6 ring of intelligence (right claw)
 H - an amulet of magic regeneration (around neck)
Wands
 a - a wand of iceblast (6)
 u - a wand of charming (7)
 A - a wand of mindburst (6)
Scrolls
 b - 3 scrolls of blinking
 h - 3 scrolls of teleportation
 j - a scroll of summoning
 l - a scroll of enchant armour {unknown}
 m - 3 scrolls of enchant weapon
 n - 3 scrolls of magic mapping {unknown}
 s - 2 scrolls of amnesia {unknown}
 w - a scroll of torment {unknown}
 x - 2 scrolls of immolation
 y - a scroll of holy word {unknown}
 E - a scroll of fear {unknown}
Potions
 d - 3 potions of heal wounds
 e - 2 potions of curing
 f - 5 potions of might
 k - 4 potions of attraction {unknown}
 o - 3 potions of resistance
 p - a potion of experience {unknown}
 q - a potion of flight {unknown}
 r - a potion of cancellation {unknown}
 t - a potion of mutation {unknown}
 v - a potion of magic
 B - a potion of ambrosia {unknown}
 C - a potion of brilliance {unknown}
 G - 2 potions of berserk rage {unknown}


   Skills:
 + Level 6.7 Fighting
 - Level 1.3 Throwing
 + Level 6.2 Armour
 + Level 8.3 Dodging
 + Level 8.1 Unarmed Combat
 - Level 1.3 Spellcasting
 - Level 2.7 Translocations


You had 9 spell levels left.
You knew the following spells:

 Your Spells              Type           Power      Damage    Failure   Level
a - Blink                 Tloc           28%        N/A       98%         2

Your spell library contained the following spells:

 Spells                   Type           Power      Damage    Failure   Level
 Apportation              Tloc           28%        N/A       92%         1
 Animate Skeleton         Necr           2%         N/A       100%        1
 Pain                     Necr           4%         1d4       100%        1
 Sublimation of Blood     Necr           1%         N/A       100%        2
 Wereblood                Tmut           1%         N/A       100%        2
 Gell's Gravitas          Tloc           14%        N/A       100%        3
 Lesser Beckoning         Tloc           14%        N/A       100%        3
 Teleport Other           Tloc           14%        N/A       100%        3
 Vampiric Draining        Necr           1%         2d6       100%        3
 Alistair's Intoxication  Tmut/Pois      0%         N/A       100%        5
 Manifold Assault         Tloc           14%        N/A       100%        5
 Invisibility             Hex            0%         N/A       100%        6
 Summon Hydra             Summ           0%         N/A       100%        7


Dungeon Overview and Level Annotations

Branches:
Dungeon (8/15)             Temple (1/1) D:5           Sewer (visited)
   Lair: D:8-11

Altars:
Cheibriados
Dithmenos
Elyvilon
Fedhas
Gozag
Hepliaklqana
Makhleb
Qazlal
Ru
Sif Muna
Trog
Uskayaw
Vehumet
Wu Jian
Xom
Yredelemnul
Zin
The Shining One

Shops:
D:6 :=(*


Innate Abilities, Weirdness & Mutations

You are too large for most types of armour.
You have claws for hands.
Your natural rate of healing is unusually fast.
You are covered in fur. (AC +1)
You have tough skin. (AC +1)
[You are frail. (-10% HP)]
[Your magical capacity is low. (-10% MP)]


Message History

* * * LOW HITPOINT WARNING * * *
You closely miss the wraith. The wraith hits you but does no damage.
The eidolon barely misses you. x2; The wraith hits you.
* * * LOW HITPOINT WARNING * * *
The wraith drains your vigour!
You feel as though you will be slow longer.
Okay, then.
Unknown command.
Blink to where?
Press: ? - help, Dir - move target, p - eidolon
As you read the scroll of blinking, it crumbles to dust.
You are no longer terrified.
You feel much better.
Aiming: Iceblast
Press: ? - help, Shift-Dir - straight line, f - wraith
Aim: a wraith The mass of ice explodes!
The iceblast engulfs the wraith!
The wraith partially resists.
The wraith is moderately damaged.
The iceblast engulfs the eidolon!
The eidolon partially resists.
The eidolon is almost destroyed.
Aiming: Iceblast
Press: ? - help, Shift-Dir - straight line, f/p - wraith
Aim: a wraith (moderately damaged)
The mass of ice explodes!
The iceblast engulfs the eidolon.
The eidolon partially resists.
The eidolon is almost destroyed.
The iceblast engulfs the wraith.
The wraith partially resists.
The wraith is heavily damaged.
Aiming: Iceblast
Press: ? - help, Shift-Dir - straight line, f/p - wraith
Aim: a wraith (heavily damaged)
The mass of ice explodes!
The iceblast engulfs the eidolon.
The eidolon partially resists.
The eidolon is almost destroyed.
The iceblast engulfs the wraith!
The wraith partially resists.
The wraith is severely damaged.
The eidolon stares piercingly at you. The bolt of negative energy hits you!!
You feel drained.
You die...

..##.
#...##...#
##.# .#.....
# #
#....##..#..#
. #
#......#.. #
#. #.#.##..
.....# .## .
#..# ##..W.#
.. # #
###.....#W.#
.# . #.
###..#.# #. .
# #...@.# .
## . ##..#..#
##...# .#...
#..#. .. .##
## . ..# # ..
.## #. .# #.
##


You could see an eidolon and a wraith.

Vanquished Creatures
  A thrashing horror (Abyss:2)
  A wretched star (Abyss:1)
  A guardian serpent (Abyss:2)
  Maggie (D:6)
  A troll (D:8)
  A slime creature (D:7)
  6 humans (D:7)
  A water moccasin (D:7)
  A sky beast (Abyss:2)
  2 necrophages
  A black bear (D:7)
  3 centaurs
  A phantom (D:6)
  A small abomination (Abyss:1)
  3 kobold brigands
  A bullfrog (D:6)
  A wyvern zombie (D:7)
  A howler monkey (D:6)
  A centaur zombie (D:7)
  3 iron imps (D:7)
  8 jellies
  3 orc priests
  2 hounds
  A bullfrog skeleton (D:7)
  Crazy Yiuf (D:6)
  4 orc wizards
  4 iguanas
  A killer bee zombie (D:7)
  A howler monkey zombie (D:6)
  12 adders
  2 river rats (Sewer)
  A white imp (D:7)
  An ufetubus (D:6)
  A worm (Sewer)
  3 dart slugs
  17 orcs
  10 endoplasms
  6 giant cockroaches
  5 goblins
  3 hobgoblins
  2 jackals (D:2)
  2 quokkas
  8 ball pythons
  6 bats
  2 frilled lizards (D:1)
  14 kobolds
  7 rats
159 creatures vanquished.

Vanquished Creatures (others)
  3 fungi (D:7)
  9 toadstools (D:7)
12 creatures vanquished.

Grand Total: 171 creatures vanquished

Notes
Turn   | Place    | Note
-------+----------+-------------------------------------------
     0 | D:1      | frimble the Troll Warper began the quest for the Orb.
     0 | D:1      | Reached XP level 1. HP: 19/19 MP: 1/1
    17 | D:1      | Reached skill level 1 in Throwing
    75 | D:1      | Reached XP level 2. HP: 27/28 MP: 2/2
   621 | D:2      | Reached XP level 3. HP: 34/35 MP: 4/4
   663 | D:2      | Learned a level 2 spell: Blink
  1111 | D:3      | Reached XP level 4. HP: 38/42 MP: 5/5
  1186 | D:3      | Identified a scroll of acquirement
  1186 | D:3      | Acquired the +12 gold dragon scales of Vilohuamn {Fly rPois
                  | rF+ rC+ Dex+4}
  1212 | D:3      | Found a faded altar of an unknown god.
  1234 | D:3      | Found a glowing drain.
  1268 | Sewer    | Entered a sewer
  1414 | Sewer    | Noticed a kobold brigand
  1429 | Sewer    | Killed a kobold brigand
  1430 | Sewer    | Reached skill level 1 in Armour
  1430 | Sewer    | Reached XP level 5. HP: 52/52 MP: 6/6
  1683 | D:3      | Reached XP level 6. HP: 58/61 MP: 7/7
  2846 | D:5      | Entered Level 5 of the Dungeon
  2926 | D:5      | Acquired a manual of Dodging
  3125 | D:5      | Reached XP level 7. HP: 67/68 MP: 8/8
  3132 | D:5      | Found a staircase to the Ecumenical Temple.
  3207 | Temple   | Entered the Ecumenical Temple
  3339 | Temple   | Became a worshipper of Cheibriados the Contemplative
  4025 | D:6      | Found Egoke's Weapon Shop.
  4026 | D:6      | Found Ytzoag's Book Shop.
  4029 | D:6      | Found Ighekamorph's General Store.
  4030 | D:6      | Found Rahil's Jewellery Shop.
  4040 | D:6      | Reached skill level 5 in Unarmed Combat
  4085 | D:6      | You are sucked into a shaft and drop 1 floor!
  4160 | D:7      | Reached * piety under Cheibriados
  4249 | D:6      | Reached XP level 8. HP: 79/79 MP: 9/9
  4392 | D:6      | Identified the +2 falchion of Ogumemez {drain, Will+ Dex+6}
  4450 | D:6      | Noticed Maggie
  4461 | D:6      | Killed Maggie
  4567 | D:6      | Found a runed translucent door.
  4568 | D:6      | Noticed Crazy Yiuf
  4574 | D:6      | Killed Crazy Yiuf
  4643 | D:7      | Reached skill level 5 in Dodging
  4722 | D:7      | Found a burning altar of Makhleb.
  4745 | D:7      | Reached skill level 5 in Fighting
  4927 | D:7      | Noticed a slime creature
  4940 | D:7      | Killed a slime creature
  4941 | D:7      | Reached XP level 9. HP: 80/88 MP: 10/10
  4951 | D:7      | Reached ** piety under Cheibriados
  5155 | D:7      | Reached skill level 5 in Armour
  5468 | D:8      | Noticed a troll
  5483 | D:8      | Killed a troll
  5584 | D:8      | Cast into level 1 of the Abyss (orc)
  5633 | Abyss:1  | Noticed a wretched star
  5644 | Abyss:1  | Killed a wretched star
  5645 | Abyss:1  | Reached XP level 10. HP: 80/100 MP: 8/8
  5656 | Abyss:1  | Noticed a starcursed mass
  5664 | Abyss:2  | Noticed a thrashing horror
  5664 | Abyss:2  | Noticed a wretched star
  5664 | Abyss:2  | Noticed a guardian serpent
  5667 | Abyss:2  | Noticed a green death
  5671 | Abyss:2  | Noticed a starcursed mass
  5673 | Abyss:2  | Killed a guardian serpent
  5678 | Abyss:2  | Killed a thrashing horror
  5721 | Abyss:2  | Noticed an eidolon
  5745 | Abyss:2  | HP: 2/75 [wraith (6)]
  5750 | Abyss:2  | Killed from afar by an eidolon

Illustrated notes

Levels and vault maps discovered:
D:1:      lightli_iron_boxes, layout_rooms
D:2:      layout_loops_cross
D:3:      layout_basic, gup_sewer_entry_glass,
          shapermc_ecumenical_altar_acropolis
D:4:      layout_loops_corners
D:5:      layout_rooms, temple_pool_b, serial_co_window_serial,
          co_window_cross_1, co_window_paths_a, co_window_paths_b,
          co_window_paths_a, co_window_corner_a, co_window_broadway_b,
          co_window_corner_ca, co_window_2corner, co_window_2corner,
          glass_columns_a, glass_columns_a, glass_columns_a, glass_columns_b,
          glass_columns_c
D:6:      layout_basic, minmay_shop_grid_forest, uniq_maggie,
          uniq_crazy_yiuf_cottage
D:7:      cheibrodos_fertilizer, layout_basic, demons_altar, minmay_ruffians
D:8:      minmay_flawed_box, layout_loops_ring,
          mainiacjoe_overflow_large_starburst
Temple:   minmay_crystal_spiral_temple
Abyss:2:  base: D:1, onia_ninara_dug_in_and_dangerous

Skill      XL: |  1  2  3  4  5  6  7  8  9 10 |
---------------+-------------------------------+-----
Throwing       | 1 |  1.3
Dodging        | 2 4 5 7 8 |  8.3
Fighting       | 2 3 4 5 6 |  6.7
Unarmed Combat | 3 4 5 6 7 8 |  8.1
Armour         | 1 2 3 4 5 6 |  6.2
Spellcasting   | |  1.3
Translocations | |  2.7

Action                   |  1- 3 |  4- 6 |  7- 9 | 10-12 || total
-------------------------+-------+-------+-------+-------++-------
Melee: Unarmed           |    93 |   163 |   342 |    31 ||   629
       Punch             |       |     3 |     7 |     1 ||    11
Evoke: Wand              |       |       |       |     4 ||     4
  Use: Scroll            |     6 |     2 |     3 |     3 ||    14
       Potion            |       |       |       |     3 ||     3
Armor: Robe              |    36 |     1 |       |       ||    37
       Gold dragon scale |       |   149 |   380 |    51 ||   580
Dodge: Dodged            |    39 |     6 |    57 |    13 ||   115

Table legend: (Time is in decaauts)
 A = Elapsed time spent in this place.
 B = Non-inter-level travel time spent in this place.
 C = Inter-level travel time spent in this place.
 D = Time resting spent in this place.
 E = Time spent auto-exploring this place.
 F = Levels seen in this place.
 G = Mean time per level.
                   A        B        C        D        E       F      G
               +--------+--------+--------+--------+--------+-----+--------+
         Total |   6415 |   6007 |    408 |      0 |   4643 |  12 |  534.6 |
       Dungeon |   5694 |   5384 |    310 |      0 |   4400 |   8 |  711.8 |
        Temple |    229 |    132 |     97 |      0 |    106 |   1 |  229.0 |
         Abyss |    203 |    203 |      0 |      0 |      0 |   2 |  101.5 |
         Sewer |    288 |    288 |      0 |      0 |    137 |   1 |  288.0 |
               +--------+--------+--------+--------+--------+-----+--------+

Top non-repeatable levels by time:
     D:7: 1225 daAuts
     D:5: 890 daAuts
     D:6: 880 daAuts
     D:4: 797 daAuts
     D:3: 655 daAuts
     D:2: 621 daAuts
     D:1: 470 daAuts
   Sewer: 288 daAuts
  Temple: 229 daAuts
     D:8: 153 daAuts
 Abyss:2: 103 daAuts
 Abyss:1: 100 daAuts
